 Dungeon Crawl Stone Soup version 0.29.1 (webtiles) character file.

Game seed: 16055081765480434134

1685 cbfl8 the Cleaver (level 8, -1/71 HPs)
             Began as a Minotaur Berserker on Sept 14, 2022.
             Was a Believer of Trog.
             Slain by Maggie
             ... wielding a +2 halberd of flaming
              (9 damage)
             ... on level 7 of the Dungeon.
             The game lasted 00:05:49 (5725 turns).

cbfl8 the Cleaver (Minotaur Berserker)              Turns: 5725, Time: 00:05:49

Health: -1/71      AC:  9    Str: 23    XL:     8   Next: 71%
Magic:  7/7        EV: 11    Int:  4    God:    Trog [**....]
Gold:   453        SH:  0    Dex: 11    Spells: 7/7 levels left

rFire   + . .      SeeInvis .   w - +0 broad axe (venom)
rCold   + . .      Faith    .   (no shield)
rNeg    . . .      Spirit   .   m - +0 scale mail
rPois   .          Reflect  .   (helmet restricted)
rElec   .          Harm     .   v - scarf {rC+ rF+}
rCorr   .          Rampage  .   u - +0 pair of gloves
Will    .....                   f - +0 pair of boots
Stlth   ..........              (no amulet)
HPRegen 0.21/turn               l - ring of flight
MPRegen 0.10/turn               (no ring)

@: flying, mesmerised, studying Long Blades
A: horns 2, retaliatory headbutt
a: Renounce Religion, Berserk, Trog's Hand


You were on level 7 of the Dungeon.
You worshipped Trog.
Trog was pleased with you.
You visited 1 branch of the dungeon, and saw 5 of its levels.
You also visited: Ossuary.

You collected 479 gold pieces.
You spent 26 gold pieces at shops.

Inventory:

Hand Weapons
 w - a +0 broad axe of venom (weapon)
Armour
 f - a +0 pair of boots (worn)
 m - a +0 scale mail (worn)
 u - a +0 pair of gloves (worn)
 v - a scarf of resistance (worn)
Jewellery
 l - a ring of flight (left hand)
Wands
 o - a wand of flame (21) (quivered)
Scrolls
 c - a scroll of noise
 i - a scroll of enchant weapon {unknown}
 j - a scroll of identify
 n - a scroll of teleportation
 p - a scroll of immolation {unknown}
 q - a scroll of enchant armour {unknown}
 r - 2 scrolls of fear {unknown}
 s - a scroll of poison {unknown}
Potions
 b - a potion of berserk rage
 d - 2 potions of curing
 e - a potion of heal wounds {unknown}
 g - a potion of ambrosia
 h - 3 potions of brilliance {unknown}
 k - 2 potions of degeneration {unknown}
 t - a potion of lignification {unknown}


   Skills:
 * Level 6.4 Fighting
 * Level 9.9 Axes
 + Level 4.8 Armour
 * Level 5.0 Dodging
 + Level 1.3 Stealth
 * Level 2.9 Evocations


You had 7 spell levels left.
You didn't know any spells.
Your spell library was empty.

Dungeon Overview and Level Annotations

Branches:
Dungeon (7/15)             Temple (0/1) D:6         Ossuary (visited)

Altars:
Okawaru
The Shining One

Shops:
D:2 [   D:3 ?

Annotations:
D:2 1 runed translucent door, Crazy Yiuf
D:7 Maggie


Innate Abilities, Weirdness & Mutations

You have a pair of horns on your head.
You reflexively headbutt those who attack you in melee.


Message History

Found two stone staircases leading down.
Maggie the Vainglorious comes into view.
She is wielding a +2 halberd of flaming.
Menkaure gestures wildly while chanting.
Menkaure seems to speed up.
There are monsters nearby!
Found a stone staircase leading up.
Maggie gestures wildly while chanting.
Maggie attempts to bespell you!
You are mesmerised by Maggie!
There are monsters nearby!
Maggie mutters to herself, "Master Lance won't take me back.
This is the way forward."
Menkaure barely misses you.
You barely miss Menkaure. Menkaure barely misses you. Menkaure misses you.
You are too mesmerised to rage.
You slice Menkaure!!
Menkaure is severely damaged.
Menkaure hits you!
Maggie hits you from afar with a +2 halberd of flaming.
A phantom comes into view.
You slash Menkaure!
You destroy Menkaure!
Trog accepts your kill.
Trog appreciates your killing of a magic user.
Maggie gestures wildly while chanting.
Maggie draws you further into her thrall.
Your Dodging skill increases to level 5!
Maggie hits you with a +2 halberd of flaming!
* * * LOW HITPOINT WARNING * * *
Maggie burns you.
* * * LOW HITPOINT WARNING * * *
You barely miss Maggie. Your headbutt misses Maggie.
Maggie is heavily wounded.
Maggie hits you with a +2 halberd of flaming.
* * * LOW HITPOINT WARNING * * *
Maggie burns you.
* * * LOW HITPOINT WARNING * * *
You closely miss Maggie.
Maggie is heavily wounded.
Maggie hits you with a +2 halberd of flaming!
You die...

#...## ........ #.....
#.....< #....# . #.....#
#...## ..
#...>.#########...#.
...##.....##.....#......
...>......#......'......
......@...#####'###...#.
#W.@..##.....##...#.
##.....##............
#...........[........
#.............##...##
################...##
#.....##.....
#.........[.#
+......(....#
#...........#


You could see Maggie (mesmerising) and a phantom.

Vanquished Creatures
  Prince Ribbit (D:7)
  Menkaure (D:7)
  3 water moccasins
  2 ice beasts (D:6)
  2 black bears (D:6)
  A kobold brigand (D:6)
  A bullfrog (D:7)
  A scorpion (D:6)
  A human zombie (Ossuary)
  4 hounds
  2 orc priests
  A jelly (D:6)
  3 orc wizards
  2 mummies (Ossuary)
  2 adders
  2 white imps (D:6)
  A worm (D:2)
  2 dart slugs
  9 orcs
  10 ball pythons
  8 endoplasms
  12 giant cockroaches
  3 gnoll zombies (Ossuary)
  5 goblins
  5 hobgoblins
  2 quokkas
  5 bats
  A frilled lizard (D:1)
  4 goblin zombies (Ossuary)
  2 hobgoblin zombies (Ossuary)
  12 kobolds
  4 orc zombies (Ossuary)
  3 rats (D:2)
117 creatures vanquished.

Notes
Turn   | Place    | Note
-------+----------+-------------------------------------------
     0 | D:1      | cbfl8 the Minotaur Berserker began the quest for the Orb.
     0 | D:1      | Reached XP level 1. HP: 19/19 MP: 0/0
   285 | D:1      | Found a faded altar of an unknown god.
   821 | D:1      | Reached XP level 2. HP: 21/27 MP: 1/1
  1417 | D:2      | Reached skill level 4 in Axes
  1510 | D:2      | Reached XP level 3. HP: 28/34 MP: 2/2
  1583 | D:2      | Reached ** piety under Trog
  1772 | D:2      | Found Odu Juhe's Armour Emporium.
  1918 | D:2      | Found a runed translucent door.
  1919 | D:2      | Noticed Crazy Yiuf
  2232 | D:3      | Found Gusair's Magic Scroll Shop.
  2242 | D:3      | Bought a scroll of identify for 26 gold pieces
  2289 | D:3      | Reached XP level 4. HP: 41/41 MP: 3/3
  2335 | D:3      | Reached skill level 5 in Axes
  2335 | D:3      | Reached skill level 1 in Stealth
  2710 | D:3      | Reached XP level 5. HP: 47/47 MP: 4/4
  2954 | D:3      | You are sucked into a shaft and drop 3 floors!
  3010 | D:6      | Noticed an ice beast
  3020 | D:6      | Killed an ice beast
  3021 | D:6      | Reached skill level 1 in Evocations
  3023 | D:6      | Reached skill level 5 in Fighting
  3023 | D:6      | Reached XP level 6. HP: 15/56 MP: 5/5
  3071 | D:7      | Noticed Menkaure
  3078 | D:6      | Found a sand-covered staircase.
  3088 | Ossuary  | Entered an ossuary
  3532 | Ossuary  | Reached skill level 6 in Axes
  4211 | D:6      | Found a staircase to the Ecumenical Temple.
  4239 | D:6      | Noticed an ice beast
  4242 | D:6      | Noticed a water moccasin
  4246 | D:6      | Killed an ice beast
  4248 | D:6      | Reached skill level 7 in Axes
  4248 | D:6      | Reached XP level 7. HP: 61/61 MP: 6/6
  4329 | D:6      | Reached skill level 8 in Axes
  4701 | D:6      | Found a glowing golden altar of the Shining One.
  4752 | D:6      | Reached XP level 8. HP: 70/70 MP: 7/7
  4844 | D:6      | Found an iron altar of Okawaru.
  5092 | D:7      | Noticed Prince Ribbit
  5103 | D:7      | Killed Prince Ribbit
  5104 | D:7      | Reached skill level 9 in Axes
  5717 | D:7      | Noticed Maggie
  5722 | D:7      | Killed Menkaure
  5723 | D:7      | Reached skill level 5 in Dodging
  5725 | D:7      | Slain by Maggie

Illustrated notes

Levels and vault maps discovered:
D:1:      nicolae_arrival_washed_ashore, layout_basic,
          shapermc_ecumenical_altar_starsandcircs
D:2:      layout_loops_ring, serial_shops, shop, uniq_crazy_yiuf_cottage
D:3:      minmay_roachtagon, layout_loops_corners, fedhas_altar_4, serial_shops,
          nicolae_shop_crystal, uniq_robin
D:6:      layout_basic, kennysheep_okawaru_gauntlet, tso_altar,
          minmay_temple_entry_offerings, nicolae_ossuary_entry_monument,
          minmay_manual_monstrance
D:7:      cheibrodos_quashed, layout_gridville, mainiacjoe_overflow_catwalk,
          kennysheep_mini_moat, chequers_jeans, uniq_prince_ribbit1,
          uniq_menkaure, uniq_maggie

Skill      XL: |  1  2  3  4  5  6  7  8 |
---------------+-------------------------+-----
Fighting       | 4 5 6 |  6.4
Axes           | 4 5 7 8 9 |  9.9
Stealth        | 1 |  1.3
Dodging        | 3 4 5 |  5.0
Armour         | 3 4 |  4.8
Evocations     | 1 2 |  2.9

Action                   |  1- 3 |  4- 6 |  7- 9 || total
-------------------------+-------+-------+-------++-------
Melee: Hand axe          |   100 |    12 |       ||   112
       Headbutt          |    12 |    19 |    12 ||    43
       Punch             |     1 |     1 |       ||     2
       War axe           |       |    74 |    65 ||   139
       Broad axe         |       |       |    25 ||    25
Invok: Berserk           |       |     2 |     2 ||     4
       Trog's Hand       |       |     1 |       ||     1
Evoke: Wand              |       |       |     2 ||     2
  Use: Scroll            |     5 |     2 |     1 ||     8
 Stab: Sleeping          |     2 |       |       ||     2
Armor: Animal skin       |     2 |       |       ||     2
       Leather armour    |    19 |     1 |       ||    20
       Ring mail         |       |    47 |    33 ||    80
Dodge: Dodged            |    68 |    53 |    53 ||   174
